 Dungeon Crawl Stone Soup version 0.25.1-2-g60ff931df9 (webtiles) character file.

Game seed: 8495673731362907437

5378 FreshCat the Basher (level 10, -2/61 HPs)
             Began as a Gargoyle Fighter on Sept 13, 2020.
             Was a Believer of the Shining One.
             Blown up by Maurice (15 damage)
             ... with a disintegration bolt
             ... on level 8 of the Dungeon.
             The game lasted 00:35:04 (8088 turns).

FreshCat the Basher (Gargoyle Fighter)              Turns: 8088, Time: 00:35:05

Health: -2/61      AC: 21    Str: 22    XL:     10   Next: 66%
Magic:  7/10       EV: 10    Int: 12    God:    the Shining One [**....]
Gold:   591        SH: 17    Dex: 10    Spells: 9/9 levels left

rFire    + . .     SeeInvis .   x - +0 whip
rCold    . . .     Gourm    .   c - +0 kite shield
rNeg     + + .     Faith    .   E - +4 ring mail of Perfidy {Int+3}
rPois    ∞         Spirit   .   j - +0 helmet
rElec    +         Reflect  .   (no cloak)
rCorr    .         Harm     .   D - +0 pair of gloves
MR       .....                  k - +0 pair of boots
Stlth    +.........             n - amulet of the acrobat
HPRegen  0.20/turn              o - +4 ring of slaying
MPRegen  0.12/turn              A - ring of protection from fire

@: divine shield, glowing
A: negative energy resistance 1, electricity resistance, unbreathing,
petrification resistance, rot immunity, AC +7
a: Divine Shield, Renounce Religion


You were on level 8 of the Dungeon.
You worshipped the Shining One.
The Shining One was pleased with you.
You were not hungry.

You visited 2 branches of the dungeon, and saw 10 of its levels.

You collected 591 gold pieces.

Inventory:

Hand Weapons
 a - a +0 flail
 x - a +0 whip (weapon)
Missiles
 l - 213 stones
 u - 19 poisoned darts (quivered)
 y - 7 boomerangs
Armour
 c - a +0 kite shield (worn)
 j - a +0 helmet (worn)
 k - a +0 pair of boots (worn)
 w - a +0 tower shield
 D - a +0 pair of gloves (worn)
 E - the +4 ring mail of Perfidy (worn) {Int+3}
   (You found it on level 5 of the Dungeon)

   It affects your intelligence (+3).
Jewellery
 n - an amulet of the acrobat (around neck)
 o - a +4 ring of slaying (left hand)
 s - an uncursed ring of protection from cold
 A - a ring of protection from fire (right hand)
 H - an uncursed ring of positive energy {unknown}
 J - a cursed ring of teleportation {unknown}
Scrolls
 e - 3 scrolls of fear
 i - 5 scrolls of remove curse
 p - 2 scrolls of magic mapping
 q - a scroll of teleportation
 B - a scroll of enchant armour {unknown}
 C - a scroll of immolation
Potions
 b - a potion of might
 h - a potion of heal wounds
 m - 4 potions of flight
 r - 2 potions of lignification {unknown}
 t - a potion of haste {unknown}
 v - 2 potions of berserk rage
 F - a potion of resistance {unknown}
 I - a potion of stabbing {unknown}
Comestibles
 f - 12 rations


   Skills:
 + Level 6.7 Fighting
 + Level 9.4 Maces & Flails
 + Level 5.5 Throwing
 + Level 6.9 Armour
 + Level 3.6 Dodging
 + Level 1.9 Stealth
 + Level 7.2 Shields


You had 9 spell levels left.
You didn't know any spells.
Your spell library was empty.

Dungeon Overview and Level Annotations

Branches:
Dungeon (9/15)             Temple (1/1) D:6
   Lair: D:8-11         Orc: D:9-12

Altars:
Dithmenos
Fedhas
Hepliaklqana
Kikubaaqudgha
Makhleb
Okawaru
Qazlal
Trog
Uskayaw
Vehumet
Xom
Zin
The Shining One

Annotations:
D:7 exclusion: 2 downstairs
D:8 Maurice


Innate Abilities, Weirdness & Mutations

You are resistant to torment.
Your stone body is resilient. (AC +7)
You are immune to poison.
You resist negative energy. (rN+)
You are resistant to electric shocks. (rElec)
You can survive without breathing.
You are immune to petrification.
You are immune to rotting.


Message History

Maurice hits you but does no damage.
Your shield prevents you from hitting Maurice.
Maurice is severely wounded.
Maurice hits you with a +0 dire flail!
* * * LOW HITPOINT WARNING * * *
Maurice steals 1 of your 2 potions of heal wounds!
You barely miss Maurice.
Maurice is severely wounded.
Maurice barely misses you.
You hit Maurice.
Maurice is almost dead.
You hit Maurice but do no damage.
Maurice is almost dead.
You block Maurice's attack.
Your shield and ring mail of Perfidy prevent you from hitting Maurice.
Maurice is almost dead.
You closely miss Maurice.
Maurice is almost dead.
Maurice zaps a wand.
You are blasted!
You die...

## #.......... #.# #.# #
#># # #.# #.# #.## # #.#
#.# #.# #..## # #.# #.#
#.# ##..# #.# #.# #.#
###..# #.# #.# #(###...##
#####.#######.###.##..###
#.............##.....##
#.........####.@..####
#.........###...@.#
#.........#......##
#....<).....##...#
##.........##.....#
..............#...#
###############...# #...#
#...#


You could see Maurice (swift).

Vanquished Creatures
  3 two-headed ogres
  Grinder (D:5)
  Sigmund (D:4)
  A wyvern (D:8)
  A hungry ghost (D:9)
  Menkaure (D:5)
  2 sky beasts
  2 ice beasts
  2 phantoms
  A black bear (D:7)
  An ogre (D:9)
  2 necrophages (D:7)
  2 centaurs
  7 bullfrogs
  2 water moccasin skeletons
  2 scorpions
  4 howler monkeys (D:7)
  2 crimson imps
  A bullfrog zombie (D:5)
  3 hounds
  4 jellies
  2 centaur skeletons
  A gnoll shaman (D:5)
  9 worker ants
  A hound zombie (D:5)
  A worker ant zombie (D:6)
  5 gnolls
  11 adders
  2 shadow imps (D:8)
  An ooze (D:3)
  4 adder skeletons
  2 worms
  4 dart slugs
  A leopard gecko (D:6)
  6 orcs
  2 ball pythons
  3 giant cockroaches
  5 goblins
  7 hobgoblins
  5 jackals
  5 quokkas
  2 bats (D:1)
  3 frilled lizards
  5 kobolds
  A leopard gecko skeleton (D:4)
  A quokka skeleton (D:7)
  6 rats
140 creatures vanquished.

Notes
Turn   | Place    | Note
-------+----------+-------------------------------------------
     0 | D:1      | FreshCat the Gargoyle Fighter began the quest for the Orb.
     0 | D:1      | Reached XP level 1. HP: 14/14 MP: 1/1
   234 | D:1      | Reached XP level 2. HP: 19/19 MP: 2/2
   611 | D:1      | Reached XP level 3. HP: 21/23 MP: 3/3
  1340 | D:2      | Reached XP level 4. HP: 28/28 MP: 4/4
  2772 | D:4      | Reached skill level 3 in Maces & Flails
  2772 | D:4      | Reached skill level 1 in Dodging
  2772 | D:4      | Reached XP level 5. HP: 29/33 MP: 5/5
  2816 | D:4      | Reached skill level 1 in Throwing
  2864 | D:5      | Entered Level 5 of the Dungeon
  2976 | D:4      | Reached XP level 6. HP: 38/38 MP: 6/6
  3055 | D:4      | Noticed a phantom
  3090 | D:4      | Killed a phantom
  3317 | D:4      | Reached skill level 4 in Maces & Flails
  3450 | D:4      | Noticed Sigmund
  3492 | D:5      | Reached XP level 7. HP: 40/43 MP: 7/7
  3539 | D:5      | Noticed Menkaure
  3654 | D:5      | Killed Menkaure
  3840 | D:6      | Found a staircase to the Ecumenical Temple.
  3845 | Temple   | Entered the Ecumenical Temple
  3943 | Temple   | Became a worshipper of the Shining One
  4051 | D:5      | Found a shadowy altar of Dithmenos.
  4054 | D:5      | Noticed Grinder
  4205 | D:4      | Reached skill level 5 in Maces & Flails
  4378 | D:4      | Killed Sigmund
  4378 | D:4      | Reached skill level 5 in Armour
  4450 | D:4      | Got a faintly humming leather armour
  4475 | D:4      | Identified the +2 leather armour of the Learner {rPois
                  | Dex+2} (You found it on level 4 of the Dungeon)
  4663 | D:5      | Reached XP level 8. HP: 42/48 MP: 8/8
  5082 | D:5      | Paralysed by Grinder for 6 turns
  5089 | D:5      | Killed Grinder
  5089 | D:5      | Reached skill level 6 in Maces & Flails
  5089 | D:5      | Reached skill level 1 in Stealth
  5089 | D:5      | Reached skill level 5 in Shields
  5093 | D:5      | Got a turquoise-studded ring mail
  5094 | D:5      | Identified the +4 ring mail of Perfidy {Int+3} (You found
                  | it on level 5 of the Dungeon)
  5863 | D:6      | Reached skill level 5 in Fighting
  5921 | D:6      | Reached * piety under the Shining One
  6347 | D:8      | Reached XP level 9. HP: 51/54 MP: 9/9
  6356 | D:8      | Noticed a two-headed ogre
  6399 | D:7      | Reached skill level 7 in Maces & Flails
  6654 | D:8      | Noticed a two-headed ogre
  7307 | D:9      | Reached ** piety under the Shining One
  7325 | D:9      | Reached skill level 8 in Maces & Flails
  7380 | D:8      | Noticed a two-headed ogre
  7511 | D:8      | Killed a two-headed ogre
  7511 | D:8      | Reached XP level 10. HP: 43/61 MP: 10/10
  7688 | D:7      | Killed a two-headed ogre
  7688 | D:7      | Reached skill level 9 in Maces & Flails
  7688 | D:7      | Reached skill level 5 in Throwing
  7778 | D:8      | Noticed Maurice
  7821 | D:8      | Killed a two-headed ogre
  8088 | D:8      | Blown up by Maurice

Illustrated notes

Levels and vault maps discovered:
D:1:      nagdon_arrival_zigzag_paths, layout_loops_cross, minmay_tromino_v2
D:2:      layout_loops_ring
D:3:      layout_basic
D:4:      layout_basic, uniq_sigmund
D:5:      layout_basic, nicolae_dithmenos_shadow_blocks, first_ration,
          uniq_menkaure, uniq_grinder
D:6:      layout_basic, minmay_temple_entry_trees
D:7:      layout_loops_ring
D:8:      layout_rooms, uniq_maurice
D:9:      layout_cave_pools, erik_lair_orcish_takeover, uniq_erolcha
Temple:   roderic_octagonal_lattice_temple

Skill      XL: |  1  2  3  4  5  6  7  8  9 10 |
---------------+-------------------------------+-----
Armour         | 4 5 6 |  6.9
Maces & Flails | 3 4 5 6 8 9 |  9.4
Dodging        | 1 2 3 |  3.6
Throwing       | 1 2 3 4 5 |  5.5
Shields        | 4 5 6 7 |  7.2
Fighting       | 4 5 6 |  6.7
Stealth        | 1 |  1.9

Action                   |  1- 3 |  4- 6 |  7- 9 | 10-12 || total
-------------------------+-------+-------+-------+-------++-------
Melee: Flail             |   140 |    31 |       |       ||   171
       Whip              |       |    71 |   365 |    50 ||   486
Throw: Stone             |    13 |    60 |    13 |       ||    86
       Dart              |       |       |    15 |     8 ||    23
       Boomerang         |       |       |    38 |     7 ||    45
       Throwing net      |       |       |     1 |       ||     1
Invok: Divine Shield     |       |       |       |     1 ||     1
Evoke: Wand              |       |       |       |     5 ||     5
  Use: Scroll            |     2 |       |    13 |       ||    15
       Potion            |       |       |     3 |       ||     3
  Eat: Chunk             |     2 |     6 |    11 |     2 ||    21
       Ration            |       |       |     1 |       ||     1
Armor: Scale mail        |    67 |    40 |    50 |       ||   157
       Ring mail         |       |       |    81 |    13 ||    94
Dodge: Dodged            |    33 |    18 |    96 |    12 ||   159
Block: Kite shield       |    66 |    36 |   145 |    19 ||   266
